 Dungeon Crawl Stone Soup version 0.20.1-1-g8b1a95d (webtiles) character file.

98 jmlagarto the Poker (level 4, -2/57 HPs)
             Began as a Centaur Chaos Knight on Sept 7, 2017.
             Slain by Pikel
             ... wielding a +2 whip of flaming
              (5 damage)
             ... on level 4 of the Dungeon.
             The game lasted 00:08:07 (2824 turns).

jmlagarto the Poker (Centaur Chaos Knight)          Turns: 2824, Time: 00:08:09

Health: -2/57      AC: 22    Str: 15 (16) XL:     4   Next: 43%
Magic:  13/13      EV:  1    Int: 10 (11) God:    Xom [...*..]
Gold:   157        SH:  0    Dex:  6 (8)  Spells: 3/3 levels left

rFire    . . .     SeeInvis .   a - +0 spear (chaos)
rCold    . . .     Gourm    .   (no shield)
rNeg     + + +     Faith    .   (armour currently unavailable)
rPois    +         Spirit   .   (helmet currently unavailable)
rElec    .         Reflect  .   (cloak currently unavailable)
rCorr    .         Harm     .   (gloves currently unavailable)
MR       .....     NoTele   +   (no barding)
Stlth    +.........             (no amulet)
Regen    0.2/turn               e - ring of poison resistance
MPRegen  0.2/turn               r - ring of magical power

@: tree-form
A: no striking features
a: Renounce Religion


You were on level 4 of the Dungeon.
You worshipped Xom.
You were a favourite toy of Xom.
You were very full.
You were a tree.
You visited 1 branch of the dungeon, and saw 4 of its levels.

You collected 157 gold pieces.

Inventory:

Hand Weapons
 a - a +0 spear of chaos (weapon)
Armour
 b - a +2 leather armour
 d - a +0 ring mail (melded)
 v - a +0 helmet (melded)
Jewellery
 e - a ring of poison resistance (left branch)
 j - an uncursed ring of stealth
 r - a ring of magical power (right branch)
Scrolls
 f - 4 scrolls of identify {unknown}
 i - a scroll of immolation {unknown}
 m - a scroll of enchant weapon {unknown}
 n - 4 scrolls of remove curse {unknown}
 o - a scroll of recharging {unknown}
 q - a scroll of amnesia {unknown}
 t - a scroll of teleportation {unknown}
Potions
 p - 2 potions of curing {unknown}
 s - 3 potions of heal wounds {unknown}
 u - 2 potions of flight {unknown}
Comestibles
 g - 4 fruits
 h - 5 meat rations


   Skills:
 + Level 3.5 Fighting
 + Level 4.0 Polearms
 + Level 1.8 Armour
 + Level 0.9 Dodging
 + Level 0.1 Stealth


You had 3 spell levels left.
You didn't know any spells.

Dungeon Overview and Level Annotations

Branches:
Dungeon (4/15)
 Temple: D:4-7

Altars:
Kikubaaqudgha
Okawaru
Vehumet

Annotations:
D:4 Chisa's ghost, amateur HOHu; Pikel


Innate Abilities, Weirdness & Mutations

((You have hooves in place of feet.))
((Armour fits poorly on your strangely shaped body.))
((You cover ground very quickly.))
((You have extremely tough skin. (AC +3)))


Message History

* * * LOW HITPOINT WARNING * * *
You hit Pikel but do no damage.
Pikel goes berserk!
Xom is highly amused!
Pikel is moderately wounded.
Pikel hits you but does no damage. The ooze hits you but does no damage.
Pikel hits you with a whip of flaming!
* * * LOW HITPOINT WARNING * * *
Pikel burns you.
* * * LOW HITPOINT WARNING * * *
Your shadow imp barely misses Pikel.
The slave hits you but does no damage. Chisa's ghost hits you.
* * * LOW HITPOINT WARNING * * *
The slave hits you but does no damage.
It was a potion of degeneration.
There was something very wrong with that liquid.
You feel weakened.
You feel dopey.
You feel clumsy.
Xom thinks this is hilarious!
Pikel hits you with a whip of flaming.
You die...
Xom is highly amused!

#### ######...# ##
#########.....# ..##
...........#.# #....
.###.........# ....#
#.......#.#..## #....##
.###..∩##.#[..###J......
#....##.#....5♣Wp....#
#.∩.∩......?.pKp......
#..###........[......#
#..# #..#.............
#[.###..#.####.....###
#.......#. ##...##
#.###...#. #.## #.# .##
.# #.# ..# .


You could see Pikel (berserk), 3 slaves, Chisa's ghost, an ooze and a friendly
shadow imp.

Vanquished Creatures
  2 adders
  2 oozes
  2 dart slugs
  2 leopard geckos
  9 orcs
  A bat (D:2)
  5 giant cockroaches
  7 goblins
  4 hobgoblins
  3 kobolds
  A quokka (D:3)
  A ball python (D:4)
  5 frilled lizards
  9 rats
53 creatures vanquished.

Vanquished Creatures (collateral kills)
  A slave (D:4)
  An orc (D:3)
2 creatures vanquished.

Grand Total: 55 creatures vanquished

Notes
Turn   | Place    | Note
-------+----------+-------------------------------------------
     0 | D:1      | jmlagarto the Centaur Chaos Knight began the quest for the Orb.
     0 | D:1      | Reached XP level 1. HP: 19/19 MP: 1/1
     7 | D:1      | XOM: silly message
   282 | D:1      | XOM: harmless Conj miscast
   297 | D:1      | Reached XP level 2. HP: 26/26 MP: 2/2
   334 | D:1      | Reached skill level 3 in Polearms
   431 | D:1      | Found an iron altar of Okawaru.
   843 | D:2      | Found an ancient bone altar of Kikubaaqudgha.
   907 | D:2      | Reached XP level 3. HP: 31/31 MP: 3/3
   978 | D:2      | XOM: silly message
  1705 | D:3      | XOM: god gift: 3 meat rations
  2017 | D:3      | Found a radiant altar of Vehumet.
  2180 | D:3      | Reached XP level 4. HP: 38/38 MP: 4/4
  2184 | D:3      | XOM: summons friendly ufetubus
  2199 | D:3      | Reached skill level 4 in Polearms
  2781 | D:4      | Found Ifecs's Armour Emporium.
  2801 | D:4      | Noticed a slave
  2802 | D:4      | Noticed Chisa's ghost (amateur HOHu)
  2804 | D:4      | Noticed a slave
  2805 | D:4      | XOM: summons friendly white imp
  2806 | D:4      | Noticed Pikel
  2807 | D:4      | Noticed a slave
  2809 | D:4      | Noticed a slave
  2815 | D:4      | Killed a slave
  2816 | D:4      | XOM: summons friendly shadow imp
  2824 | D:4      | Slain by Pikel

Skill      XL: |  1  2  3  4 |
---------------+-------------+-----
Polearms       | 3 4 |  4.0
Fighting       | |  3.5
Armour         | |  1.8
Dodging        | |  0.9
Stealth        | |  0.1

Action                   |  1- 3 |  4- 6 || total
-------------------------+-------+-------++-------
Melee: Spear             |   138 |    51 ||   189
       Kick              |    12 |     6 ||    18
  Use: Potion            |       |     2 ||     2
 Stab: Paralysed         |     2 |       ||     2
  Eat: Royal jelly       |     1 |       ||     1
       Bread ration      |       |     2 ||     2
Armor: Ring mail         |    26 |    13 ||    39
       Leather armour    |     2 |       ||     2
       Skin              |       |    32 ||    32
Dodge: Dodged            |    28 |    10 ||    38
